 Dungeon Crawl Stone Soup version 0.29.1-13-g9f3cf754e1 (webtiles) character file.

Game seed: 1035780515633060027

11 cheesebisquit the Trooper (level 2, 31/31 HPs)
             Began as an Ogre Gladiator on Jan 24, 2023.
             Quit the game on level 1 of the Dungeon.
             The game lasted 00:02:13 (448 turns).

cheesebisquit the Trooper (Ogre Gladiator)           Turns: 448, Time: 00:02:13

Health: 31/31      AC:  3    Str: 17    XL:     2   Next: 29%
Magic:  2/2        EV: 10    Int:  9    God:
Gold:   36         SH:  0    Dex: 10    Spells: 1/1 levels left

rFire   . . .      SeeInvis .   a - +0 flail
rCold   . . .      Faith    .   (no shield)
rNeg    . . .      Spirit   .   b - +0 robe
rPois   .          Reflect  .   c - +0 hat
rElec   .          Harm     .   (no cloak)
rCorr   .          Rampage  .   (gloves unavailable)
Will    .....                   (boots unavailable)
Stlth   +.........              (no amulet)
HPRegen 0.10/turn               (no ring)
MPRegen 0.08/turn               (no ring)

@: no status effects
A: large, unfitting armour, tough skin 1
a: no special abilities


You were on level 1 of the Dungeon.
You visited 1 branch of the dungeon, and saw 1 of its levels.

You collected 36 gold pieces.

Inventory:

Hand Weapons
 a - a +0 flail (weapon)
Missiles
 e - a large rock (quivered)
Armour
 b - a +0 robe (worn)
 c - a +0 hat (worn)


   Skills:
 + Level 3.0 Fighting
 - Level 2.8 Maces & Flails
 + Level 2.2 Throwing
 - Level 2.8 Dodging
 + Level 0.4 Spellcasting


You had one spell level left.
You didn't know any spells.
Your spell library contained the following spells:

 Spells                   Type           Power      Damage    Failure   Level
 Ensorcelled Hibernation  Hex/Ice        0%         N/A       52%         2
 Passwall                 Tmut/Erth      0%         N/A       52%         2
 Swiftness                Air            0%         N/A       75%         3


Dungeon Overview and Level Annotations

Branches:
Dungeon (1/15)

Altars:


Innate Abilities, Weirdness & Mutations

You are too large for most types of armour.
You have tough skin. (AC +1)


Message History

You see here a frilled lizard corpse.
A goblin comes into view. It is wielding a +0 dagger.
The rat bites you. The rat barely misses you. The rat barely misses you.
You hit the rat.
You kill the rat!
The ball python bites you but does no damage.
The ball python bites you.
You see here a rat corpse.
You see here a frilled lizard corpse.
You hit the ball python.
You kill the ball python!
You see here a rat corpse.
The goblin hits you with a +0 dagger.
You hit the goblin.
The goblin is severely wounded.
The goblin hits you but does no damage.
You sock the goblin!
You kill the goblin!
You see here a +0 dagger.
A hobgoblin comes into view.
You closely miss the hobgoblin. The hobgoblin completely misses you.
The hobgoblin barely misses you.
You hit the hobgoblin but do no damage. The hobgoblin completely misses you.
You hit the hobgoblin.
You kill the hobgoblin!
Found 11 gold pieces.
You see here a +0 cloak.
d - a +0 cloak
e - a large rock
There are no items here.
You drop a +0 cloak.
You now have 36 gold pieces (gained 11).
Found a stone staircase leading down.
Search for what [? for help]?
Okay, then.
Are you sure you want to abandon this character and quit the game? (Confirm with "yes".)
Okay, then.
Are you sure you want to abandon this character and quit the game? (Confirm with "yes".)

#.#. #.#. #.#. #.#. ####
##.#. ..# ##########.#..
#.# #......##.###.
####.###.####.###.#..
#...@......##.####.#.
.....##.###.#.....#####.
#.> #.# #.#.......# ## #
..# #.........# ####
#.........# ###.#.....#
#.#.....# #.#[....####
#........†).


There were no monsters in sight!

Vanquished Creatures
  A giant cockroach (D:1)
  3 goblins (D:1)
  A hobgoblin (D:1)
  3 ball pythons (D:1)
  2 frilled lizards (D:1)
  A rat (D:1)
11 creatures vanquished.

Vanquished Creatures (others)
  8 fungi (D:1)
  2 plants (D:1)
10 creatures vanquished.

Grand Total: 21 creatures vanquished

Notes
Turn   | Place    | Note
-------+----------+-------------------------------------------
     0 | D:1      | cheesebisquit the Ogre Gladiator began the quest for the
                  | Orb.
     0 | D:1      | Reached XP level 1. HP: 22/22 MP: 1/1
   156 | D:1      | Reached XP level 2. HP: 17/29 MP: 2/2
   307 | D:1      | Reached skill level 3 in Fighting
   448 | D:1      | Quit the game

Illustrated notes

Levels and vault maps discovered:
D:1:      spicycebolla_arrival_clurvy, layout_loops_cross

Skill      XL: |  1  2 |
---------------+-------+-----
Fighting       | 3 |  3.0
Maces & Flails | |  2.8
Throwing       | |  2.2
Dodging        | |  2.8
Spellcasting   | |  0.4

Action                   || total
-------------------------++-------
Melee: Flail             ||    32
       Punch             ||     1
Throw: Throwing net      ||     4
       Large rock        ||     3
Armor: Robe              ||     9
Dodge: Dodged            ||    18
